 Dungeon Crawl Stone Soup version 0.19.3-4-gbf9329e (webtiles) character file.

1834 gvccisandals the Skirmisher (level 8, -8/74 HPs)
             Began as a Minotaur Fighter on Jan 27, 2017.
             Mangled by an orc warrior
             ... wielding a +2 halberd of chopping
              (19 damage)
             ... on level 7 of the Dungeon on Jan 28, 2017.
             The game lasted 00:25:53 (5028 turns).

gvccisandals the Skirmisher (Minotaur Fighter)      Turns: 5028, Time: 00:25:54

Health: -8/74      AC:  5    Str: 23    XL:     8   Next: 87%
Magic:  7/7        EV: 14    Int:  5    God:
Gold:   394        SH: 12    Dex: 15    Spells: 0 memorised, 7 levels left

rFire  . . .     SeeInvis .     a - +0 trident
rCold  . . .     Gourm    .     w - +0 troll leather armour {Purgy}
rNeg   . . .     Faith    .     c - +1 shield
rPois  .         Spirit   .     (helmet restricted)
rElec  .         Reflect  .     (no cloak)
rCorr  .         Harm     +     (no gloves)
MR     .....                    (no boots)
Stlth  ++........               s - amulet of harm
                                (no ring)
                                F - ring of wizardry

@: agile
A: retaliatory headbutt, horns 2
a: no special abilities


You were on level 7 of the Dungeon.
You were not hungry.

You visited 1 branch of the dungeon, and saw 7 of its levels.
You also visited: Sewer.

You collected 394 gold pieces.

Inventory:

Hand Weapons
 a - a +0 trident (weapon)
 K - a +0 trident
Armour
 b - a +0 scale mail
 c - a +1 shield (worn)
 w - a +0 troll leather armour (worn) {Purgy}
Jewellery
 s - an amulet of harm (around neck)
 F - a ring of wizardry (left hand)
 L - a +3 ring of evasion {unknown}
Wands
 y - a wand of confusion (17/48)
 G - a wand of enslavement (9/24)
Scrolls
 e - 3 scrolls of remove curse
 g - a scroll of enchant armour
 i - 3 scrolls of teleportation {unknown}
 j - a scroll of recharging {unknown}
 n - a scroll of immolation
 p - a scroll of enchant weapon {unknown}
 r - 4 scrolls of identify {unknown}
 v - a scroll of blinking {unknown}
 B - a scroll of fear {unknown}
 C - a scroll of acquirement {unknown}
 E - 3 scrolls of fog {unknown}
Potions
 d - a potion of haste {unknown}
 h - 2 potions of degeneration {unknown}
 k - a potion of curing
 l - 2 potions of flight {unknown}
 m - 3 potions of heal wounds {unknown}
 o - 2 potions of agility
 t - a potion of magic {unknown}
 x - a potion of mutation {unknown}
 A - a potion of lignification {unknown}
 J - a potion of resistance {unknown}
Books
 H - a book of Air

   Spells                             Type                      Level
   a - Shock                          Conjuration/Air              1
   b - Swiftness                      Charms/Air                   2
   c - Repel Missiles                 Charms/Air                   2
   d - Static Discharge               Conjuration/Air              3
   e - Lightning Bolt                 Conjuration/Air              5
Comestibles
 f - 4 bread rations
 q - 2 meat rations
 u - 2 beef jerkies
 z - 2 slices of pizza
 D - a royal jelly
 I - 2 fruits


   Skills:
 + Level 7.8 Fighting
 + Level 7.0 Polearms
 + Level 7.8 Armour
 - Level 0.2 Dodging
 + Level 7.8 Shields


You had 7 spell levels left.
You didn't know any spells.

Dungeon Overview and Level Annotations

Branches:
Dungeon (7/15)             Temple (0/1) D:4

Altars:
Nemelex Xobeh
Trog
Vehumet
Xom
Zin
The Shining One

Annotations:
D:3 1 runed door
D:7 Jerry's ghost, novice DgGl


Innate Abilities, Weirdness & Mutations

You reflexively headbutt those who attack you in melee.
You have a pair of horns on your head.


Message History

You block the orc warrior's attack.
You hit the orc warrior but do no damage.
You block the orc warrior's attack.
You puncture the orc warrior!
The orc warrior is moderately wounded.
You hit the orc warrior but do no damage.
Your headbutt misses the orc warrior.
The orc warrior is moderately wounded.
You block the orc warrior's attack.
You hit the orc warrior.
The orc warrior is heavily wounded.
The orc warrior hits you with a halberd of chopping.
* * * LOW HITPOINT WARNING * * *
x2 You hit the orc warrior.
The orc warrior is severely wounded.
The orc warrior hits you with a halberd of chopping!
* * * LOW HITPOINT WARNING * * *
x2 You feel better.
The orc warrior hits you with a halberd of chopping!
You die...

########.#.####.
................
########.#.####.
#...#.# #.###.#
#.# #.# #.# #@#
#o#


oo# ..s. ##### You could see an orc warrior, a scorpion and 2 orcs.

Vanquished Creatures
  Purgy (Sewer)
  An orc warrior (D:6)
  An ogre (D:7)
  2 necrophages
  2 scorpions
  5 wights (D:6)
  A howler monkey (D:4)
  2 crimson imps (D:5)
  2 hounds
  3 bullfrog zombies (D:6)
  3 orc priests (D:6)
  Jessica (D:3)
  2 bullfrog skeletons
  An iguana (D:6)
  9 orc wizards
  2 killer bee zombies (D:6)
  3 hound zombies (D:6)
  2 hound skeletons
  A worker ant zombie (D:6)
  A howler monkey zombie (D:6)
  12 adders
  A worm (D:3)
  2 adder skeletons (D:6)
  2 adder zombies (D:6)
  2 dart slugs
  A leopard gecko (D:1)
  26 orcs
  5 bats
  A giant cockroach (D:2)
  3 hobgoblins
  6 jackals
  5 kobolds
  3 quokkas
  2 ball pythons
  3 frilled lizards (D:1)
  A giant cockroach zombie (D:6)
  7 goblins
  A jackal skeleton (D:6)
  A leopard gecko skeleton (D:5)
  A quokka skeleton (D:6)
  A quokka zombie (D:6)
  18 rats
149 creatures vanquished.

Notes
Turn   | Place    | Note
-------+----------+-------------------------------------------
     0 | D:1      | gvccisandals the Minotaur Fighter began the quest for the Orb.
     0 | D:1      | Reached XP level 1. HP: 19/19 MP: 0/0
   123 | D:1      | Reached XP level 2. HP: 26/27 MP: 1/1
   622 | D:1      | Reached XP level 3. HP: 33/33 MP: 2/2
  1297 | D:2      | Reached XP level 4. HP: 34/40 MP: 3/3
  1665 | D:3      | Noticed Jessica
  1670 | D:3      | Killed Jessica
  1746 | D:3      | Found a faded altar of an unknown god.
  1846 | D:3      | Found a runed door.
  1846 | D:3      | Found a glowing silver altar of Zin.
  1846 | D:3      | Noticed an angel
  2183 | D:3      | Reached XP level 5. HP: 43/47 MP: 4/4
  2361 | D:4      | Reached skill level 5 in Armour
  2365 | D:4      | Reached skill level 5 in Shields
  2393 | D:4      | Reached skill level 5 in Fighting
  2418 | D:4      | Reached XP level 6. HP: 37/56 MP: 5/5
  2667 | D:4      | Found a glowing drain.
  2673 | Sewer    | Entered a sewer
  2689 | Sewer    | Noticed Purgy
  2696 | Sewer    | Killed Purgy
  3009 | D:4      | Found a staircase to the Ecumenical Temple.
  3153 | D:5      | Entered Level 5 of the Dungeon
  3308 | D:5      | Found a shimmering altar of Xom.
  3319 | D:5      | Found a radiant altar of Vehumet.
  3319 | D:5      | Found a bloodstained altar of Trog.
  3357 | D:5      | Reached skill level 5 in Polearms
  3357 | D:5      | Reached XP level 7. HP: 58/62 MP: 6/6
  3656 | D:5      | Found a sparkling altar of Nemelex Xobeh.
  3919 | D:6      | Reached XP level 8. HP: 48/71 MP: 7/7
  4512 | D:5      | Found a glowing golden altar of the Shining One.
  4618 | D:7      | Noticed Jerry's ghost (novice DgGl)
  4663 | D:7      | HP: 2/74 [Jerry's ghost (6)]
  5027 | D:7      | HP: 3/74 [orc warrior/halberd of chopping (14)]
  5027 | D:7      | HP: 1/74 [orc warrior/halberd of chopping (2)]
  5028 | D:7      | Mangled by an orc warrior

Skill      XL: |  1  2  3  4  5  6  7  8 |
---------------+-------------------------+-----
Armour         | 4 5 6 7 |  7.8
Shields        | 4 5 6 7 |  7.8
Fighting       | 4 5 6 7 |  7.8
Polearms       | 3 4 5 7 |  7.0
Dodging        | |  0.2

Action                   |  1- 3 |  4- 6 |  7- 9 || total
-------------------------+-------+-------+-------++-------
Melee: Trident           |   105 |   144 |   238 ||   487
       Headbutt          |    11 |    27 |    46 ||    84
  Use: Scroll            |       |     3 |       ||     3
       Potion            |       |       |     4 ||     4
  Eat: Bread ration      |     1 |       |     1 ||     2
       Chunk             |       |     1 |       ||     1
       Meat ration       |       |     1 |       ||     1
Armor: Scale mail        |    59 |    33 |       ||    92
       Troll leather arm |       |    12 |    48 ||    60
Dodge: Dodged            |    32 |    36 |    50 ||   118
Block: Shield            |    40 |    83 |   113 ||   236
